Map: Orbital Shipyard

Players

Konradk - Winner!

  • Race: Protoss Protoss

AkeVader

  • Race: Terran Terran
  • League: Platinum

VOD

Have the link to the VOD?

Description

Time

  • Played on: Nov. 25, 2015, 1:05 p.m.
  • Length: 11:51
Show
View Real Time Build Order
Export as new Build Order

Konradk Protoss - Winner!

Build Orders: Nexus First 

Get SALT Encoding   

  12  0:01  Probe (Chrono Boost)  
  13  0:12  Probe (Chrono Boost)  
  14  0:19  Pylon  
  14  0:22  Probe (Chrono Boost)  
  15  0:37  Probe (Chrono Boost)  
  16  0:47  Probe (Chrono Boost)  
  17  0:59  Probe (Chrono Boost)  
  18  1:04  Nexus  
  18  1:10  Probe (Chrono Boost)  
  19  1:19  Gateway  
  19  1:22  Probe (Chrono Boost)  
  19  1:23  Assimilator  
  20  1:28  Assimilator  
  20  1:32  Probe (Chrono Boost)  
  21  1:40  Pylon  
  21  1:43  Probe (Chrono Boost)  
  22  1:53  Probe (Chrono Boost)  
  23  2:03  Gateway  
  23  2:04  Probe (Chrono Boost)  
  24  2:09  Cybernetics Core  
  24  2:15  Probe (Chrono Boost)  
  24  2:18  Probe (Chrono Boost)  
  25  2:25  Probe (Chrono Boost)  
  25  2:28  Probe (Chrono Boost)  
  27  2:36  Probe (Chrono Boost)  
  28  2:38  Probe (Chrono Boost)  
  29  2:46  Warp Gate (Chrono Boost)  
  29  2:48  Mothership Core, Adept (Chrono Boost)  
  29  2:50  Adept (Chrono Boost)  
  35  2:52  Probe  
  36  3:02  Probe  
  36  3:03  Assimilator  
  37  3:09  Probe  
  38  3:13  Probe  
  39  3:22  Probe  
  39  3:23  Probe  
  41  3:34  Pylon  
  41  3:39  Twilight Council  
  41  3:41  Probe, Robotics Facility  
  41  3:43  Probe, Pylon  
  43  3:51  Assimilator  
  43  3:52  Probe  
  43  3:55  Probe  
  45  4:03  Probe  
  45  4:07  Probe  
  47  4:13  Blink  
  47  4:17  Pylon x2  
  47  4:25  Gateway x2, Probe x2  
  47  4:28  Gateway  
  47  4:31  Immortal (Chrono Boost)  
  53  5:02  Pylon  
  53  5:04  Pylon  
  53  5:06  Observer (Chrono Boost)  
  54  5:19  Stalker x2  
  58  5:24  Probe x2  
  60  5:36  Probe x2  
  60  5:37  Stalker x3  
  68  5:44  Nexus  
  68  5:45  Pylon  
  68  5:48  Probe, Observer (Chrono Boost)  
  68  5:49  Pylon  
  70  5:52  Probe, Forge  
  70  5:54  Forge  
  71  6:00  Probe  
  72  6:04  Pylon  
  72  6:06  Stalker x2  
  72  6:07  Stalker  
  72  6:08  Pylon  
  78  6:12  Pylon  
  78  6:17  Stalker x2  
  82  6:20  Probe x2  
  82  6:25  Robotics Bay  
  85  6:32  Probe  
  85  6:43  Stalker x5  
  95  6:55  Probe  
  95  6:56  Probe  
  95  6:57  Probe  
  95  7:00  Assimilator  
  98  7:05  Assimilator  
  98  7:07  Pylon  
  98  7:09  Pylon  
  98  7:15  Observer (Chrono Boost)  
  98  7:24  Stalker x3  
  98  7:25  Stalker x2  
  98  7:27  Probe  
  98  7:29  Probe x2  
  111  7:34  Disruptor (Chrono Boost)  
  108  7:52  Stalker x5  
  108  7:53  Probe  
  108  7:54  Probe x2  
  108  7:58  Protoss Ground Weapons Level 1 (Chrono Boost), Protoss Ground Armor Level 1 (Chrono Boost)  
  121  8:03  Probe  
  121  8:04  Warp Prism (Chrono Boost)  
  124  8:06  Probe  
  124  8:12  Robotics Facility  
  125  8:17  Probe  
  125  8:18  Probe  
  127  8:22  Probe  
  126  8:28  Probe  
  126  8:30  Probe  
  128  8:45  Stalker x4  
  128  8:46  Stalker  
  128  8:48  Nexus  
  138  8:50  Pylon  
  138  8:52  Gateway, Pylon  
  138  8:55  Gateway, Pylon  
  138  8:56  Assimilator  
  138  8:57  Gateway  
  138  9:00  Assimilator  
  138  9:05  Gateway  
  138  9:11  Probe  
  138  9:12  Probe x2  
  141  9:24  Probe  
  142  9:27  Gateway  
  142  9:29  Disruptor (Chrono Boost)  
  142  9:30  Gateway x2  
  145  9:32  Gateway  
  145  9:34  Robotics Bay  
  148  9:41  Disruptor (Chrono Boost)  
  148  9:55  Pylon x2  
  148  9:57  Pylon  
  151  10:00  Disruptor (Chrono Boost)  
  154  10:17  Disruptor (Chrono Boost)  
  154  10:24  Zealot x5  
  164  10:31  Colossus (Chrono Boost)  
  156  10:56  Stalker x4  
  144  10:57  Stalker x2  
  144  10:58  Stalker x2  
  145  11:14  Disruptor (Chrono Boost)  
  145  11:17  Disruptor (Chrono Boost)  
  140  11:45  Stalker x5  
  140  11:46  Stalker x4  
Show
View Real Time Build Order
Export as new Build Order

AkeVader Terran 

Build Orders: Reaper Expand, MMM Bio 

Get SALT Encoding   

  12  0:01  SCV  
  13  0:13  SCV  
  14  0:17  Supply Depot  
  14  0:25  SCV  
  15  0:39  SCV  
  15  0:40  Barracks  
  16  0:45  Refinery  
  16  0:51  SCV  
  17  1:03  SCV  
  18  1:15  SCV  
  19  1:28  Orbital Command  
  19  1:29  Reaper  
  20  1:43  Command Center  
  20  1:54  Supply Depot  
  20  1:55  SCV  
  20  2:00  Refinery  
  21  2:04  Barracks Reactor  
  21  2:09  SCV  
  22  2:21  SCV  
  23  2:33  SCV  
  23  2:35  Barracks  
  24  2:40  Barracks  
  24  2:46  SCV, Marine x2  
  27  2:55  Factory  
  27  2:58  SCV  
  28  3:04  Orbital Command  
  28  3:13  SCV  
  28  3:17  Marine x2  
  29  3:25  SCV, Supply Depot  
  30  3:28  Barracks Tech Lab  
  30  3:30  Barracks Reactor  
  30  3:32  SCV  
  31  3:38  SCV  
  32  3:41  Supply Depot  
  32  3:47  Stimpack  
  32  3:48  Marine x3  
  32  3:50  SCV  
  32  3:52  SCV  
  37  4:04  SCV x2  
  37  4:08  Refinery  
  39  4:11  Factory Reactor  
  39  4:12  Starport  
  39  4:13  Marine x3  
  39  4:14  Marine  
  39  4:15  Marine  
  44  4:18  SCV  
  44  4:20  SCV  
  46  4:24  Supply Depot  
  46  4:29  Supply Depot  
  46  4:30  Marine  
  46  4:31  Marine x2  
  48  4:38  SCV x2  
  51  4:45  Engineering Bay  
  51  4:46  Supply Depot  
  51  4:47  Marine  
  51  4:48  Marine  
  53  4:55  SCV x2  
  55  5:02  Refinery, Marine  
  55  5:03  Supply Depot, Marine  
  55  5:04  Marine  
  58  5:07  SCV x2  
  58  5:11  Medivac  
  58  5:12  Medivac  
  64  5:19  SCV x2  
  66  5:27  Marine  
  66  5:28  Marine x3  
  69  5:29  Marauder  
  69  5:31  SCV x2  
  74  5:43  SCV x2  
  74  5:49  Supply Depot  
  76  5:50  Supply Depot  
  76  5:54  Terran Infantry Weapons Level 1, Combat Shields  
  76  5:55  SCV x2  
  78  5:59  Barracks  
  78  6:01  Barracks  
  78  6:02  Marine x5  
  83  6:08  SCV x2  
  85  6:16  Supply Depot  
  85  6:17  Medivac x2  
  89  6:24  SCV x2  
  91  6:30  Command Center  
  91  6:36  Armory  
  91  6:42  SCV  
  91  6:43  SCV  
  92  6:52  Marauder, Marine x4  
  92  6:53  Barracks Tech Lab x2  
  97  6:59  SCV x2  
  97  7:13  Marauder  
  98  7:17  Marauder x2  
  102  7:24  SCV x2  
  102  7:26  Concussive Shells  
  104  7:32  Supply Depot, Marine x4  
  104  7:33  Supply Depot  
  104  7:35  Marauder  
  108  7:38  Marauder  
  108  7:39  Marine  
  109  7:44  Liberator x2  
  109  7:49  Marine  
  109  7:50  Marine x2  
  109  7:51  Marine  
  101  7:56  Orbital Command, Marauder  
  101  7:57  Marine  
  95  7:59  Marine  
  102  8:09  SCV x2  
  104  8:14  Terran Infantry Weapons Level 2  
  102  8:21  SCV x2  
  102  8:26  Marine x4, Marauder x3  
  113  8:28  Orbital Command  
  113  8:41  SCV x2  
  115  8:42  Liberator x2  
  115  8:45  Supply Depot, Marine x4  
  115  8:46  Supply Depot  
  115  8:47  Marauder x2, Marine  
  124  8:51  Refinery  
  124  8:52  Refinery  
  124  8:53  SCV x2  
  126  9:02  Factory Reactor  
  132  9:03  SCV  
  132  9:05  SCV x2  
  132  9:06  Starport  
  135  9:29  Marine x2  
  135  9:30  Marauder x2, Marine x3  
  144  9:45  SCV, Barracks  
  144  9:46  Command Center, SCV, Barracks  
  144  9:47  Marine x3  
  144  9:48  Barracks, Marauder  
  144  9:51  Marauder x2  
  155  10:09  Marauder  
  153  10:37  Marine x4  
  151  10:49  Liberator x2  
  138  10:56  Marauder, Marine x4  
  138  10:57  Marauder x2  
  92  11:14  Marine x4  
  92  11:17  Marine x3  
  98  11:32  Marine x4  
Tags
 
Add a new tag
Caveats
  • Supply blocks, unpowered buildings, or Contaminate may cause inaccurate times.
  • Supply counts are checked every 10 seconds.